PAA
BELVEDERE PARK RAWHIDES @ DURHAM RAPIERS
08/09/2023
 
TOP OF THE 1ST
Belvedere Park Rawhides batting - Pitching for Durham Rapiers : LHP Jim Unknown
Pitching: LHP Jim Unknown
Batting: SHB Manuel González 0-0: Ball
1-0: Swinging Strike
1-1: Swinging Strike
1-2: Ball
2-2: Fly out, F9 (Flyball, 9M)
Batting: RHB Victorino Navarro 0-0: Called Strike
0-1: Ball
1-1: Ball
2-1: Foul Ball, location: 2F
2-2: Foul Ball, location: 2F
2-2: Strikes out swinging
Batting: RHB Domingo Calderón 0-0: Called Strike
0-1: Called Strike
0-2: Foul Ball, location: 2F
0-2: Hit by Pitch
Batting: RHB Justin Miles 0-0: Ball
1-0: Swinging Strike
1-1: Swinging Strike
1-2: Strikes out swinging
Top of the 1st over - 0 run(s), 0 hit(s), 0 error(s), 1 left on base; Belvedere Park 0 - Durham 0
BOTTOM OF THE 1ST
Durham Rapiers batting - Pitching for Belvedere Park Rawhides : LHP Doug Ferguson
Pitching: LHP Doug Ferguson
Batting: LHB Mayer Röhricht 0-0: Ball
1-0: Reached on error, E5 (Groundball, 56)
Batting: RHB Kevin Sanderson 0-0: Ball
1-0: Ball
2-0: Foul Ball, location: 2F
2-1: Ball
3-1: Foul Ball, location: 2F
3-2: Base on Balls
Mayer Röhricht to second
Batting: SHB Brent Adams 0-0: Ball
1-0: Swinging Strike
1-1: Ball
Wild Pitch!
Mayer Röhricht to third
Kevin Sanderson to second
2-1: Ground out 6-3 (Groundball, 6)
Mayer Röhricht scores
Kevin Sanderson to third
Batting: RHB Augusto Flores 0-0: Ball
1-0: Foul Ball, location: 2F
1-1: Ball
2-1: Foul Ball, location: 2F
2-2: Foul Ball, location: 2F
2-2: Ground out 6-3 (Groundball, 6)
Kevin Sanderson scores
Batting: RHB Caleb Lee 0-0: Called Strike
0-1: Ball
1-1: Foul Ball, location: 2F
1-2: Ball
2-2: Ground out 6-3 (Groundball, 6)
Bottom of the 1st over - 2 run(s), 0 hit(s), 1 error(s), 0 left on base; Belvedere Park 0 - Durham 2
TOP OF THE 2ND
Belvedere Park Rawhides batting - Pitching for Durham Rapiers : LHP Jim Unknown
Batting: RHB Jim Burch 0-0: Ball
1-0: Called Strike
1-1: Ground out 4-3 (Groundball, 34)
Batting: RHB Danny Penn 0-0: Called Strike
0-1: Ground out 1-3 (Groundball, 15)
Batting: LHB Willie Brown 0-0: Foul Ball, location: 2F
0-1: Ball
1-1: Foul Ball, location: 2F
1-2: Ball
2-2: Strikes out swinging
Top of the 2nd over - 0 run(s), 0 hit(s), 0 error(s), 0 left on base; Belvedere Park 0 - Durham 2
BOTTOM OF THE 2ND
Durham Rapiers batting - Pitching for Belvedere Park Rawhides : LHP Doug Ferguson
Batting: RHB Vincent Klein 0-0: Reached on error, E2 (Groundball, 23)
Batting: LHB Davis Anderson 0-0: Ball
1-0: Called Strike
1-1: Ball
2-1: Fly out, F9 (Line Drive, 9S)
Batting: RHB Jorge López 0-0: Ball
1-0: Ball
2-0: Ball
3-0: Called Strike
3-1: Base on Balls
Batting: RHB António Díaz 0-0: Ball
1-0: Ground out 2-3 (Groundball, 25)
Vincent Klein to third
Jorge López to second
Batting: LHB Mayer Röhricht 0-0: Called Strike
0-1: Fly out, F9 (Flyball, 89D)
Bottom of the 2nd over - 0 run(s), 0 hit(s), 1 error(s), 2 left on base; Belvedere Park 0 - Durham 2
TOP OF THE 3RD
Belvedere Park Rawhides batting - Pitching for Durham Rapiers : LHP Jim Unknown
Batting: SHB Javier Valle 0-0: Ball
1-0: Called Strike
1-1: Swinging Strike
1-2: Foul Ball, location: 2F
1-2: Ball
2-2: Ball
3-2: SINGLE (Line Drive, 89S)
Batting: RHB César López 0-0: Ball
1-0: Called Strike
1-1: Foul Ball, location: 2F
1-2: Ball
2-2: Strikes out swinging
Batting: SHB Manuel González 0-0: Fielders Choice at 2nd, 6-4 (Groundball, 6M)
Batting: RHB Victorino Navarro 0-0: Called Strike
0-1: Swinging Strike
0-2: Ball
1-2: Fly out, F7 (Flyball, 78M)
Top of the 3rd over - 0 run(s), 1 hit(s), 0 error(s), 1 left on base; Belvedere Park 0 - Durham 2
BOTTOM OF THE 3RD
Durham Rapiers batting - Pitching for Belvedere Park Rawhides : LHP Doug Ferguson
Batting: RHB Kevin Sanderson 0-0: Ball
1-0: Ball
2-0: Ball
3-0: Base on Balls
Batting: SHB Brent Adams 0-0: Ball
1-0: Called Strike
1-1: Called Strike
1-2: Strikes out swinging
Batting: RHB Augusto Flores 0-0: Ball
1-0: Swinging Strike
1-1: SINGLE (Groundball, 4M)
Kevin Sanderson to second
Batting: RHB Caleb Lee 0-0: Called Strike
0-1: Foul Ball, location: 2F
0-2: Grounds into double play, U6-3 (Groundball, 6)
Bottom of the 3rd over - 0 run(s), 1 hit(s), 0 error(s), 1 left on base; Belvedere Park 0 - Durham 2
TOP OF THE 4TH
Belvedere Park Rawhides batting - Pitching for Durham Rapiers : LHP Jim Unknown
Batting: RHB Domingo Calderón 0-0: Called Strike
0-1: Ball
1-1: Swinging Strike
1-2: Strikes out swinging
Batting: RHB Justin Miles 0-0: Called Strike
0-1: Called Strike
0-2: Ball
1-2: SINGLE (Groundball, 6D)
Batting: RHB Jim Burch 0-0: DOUBLE (Line Drive, 78D)
Justin Miles to third
Runner from 3rd tries for Home, SAFE, throw made home
Batting: RHB Danny Penn 0-0: SINGLE (Groundball, 56D)
Jim Burch to third
Batting: LHB Willie Brown 0-0: Called Strike
0-1: Called Strike
0-2: Strikes out looking
Batting: SHB Javier Valle 0-0: Swinging Strike
0-1: Foul Ball, location: 2F
0-2: Foul Ball, location: 2F
0-2: Foul Ball, location: 2F
0-2: Foul Ball, location: 2F
0-2: Ball
1-2: Ball
2-2: Strikes out swinging
Top of the 4th over - 1 run(s), 3 hit(s), 0 error(s), 2 left on base; Belvedere Park 1 - Durham 2
BOTTOM OF THE 4TH
Durham Rapiers batting - Pitching for Belvedere Park Rawhides : LHP Doug Ferguson
Batting: RHB Vincent Klein 0-0: Called Strike
0-1: Ball
1-1: Foul Ball, location: 2F
1-2: Ground out 4-3 (Groundball, 4)
Batting: LHB Davis Anderson 0-0: Ball
1-0: Ball
2-0: Ball
3-0: Base on Balls
Batting: RHB Jorge López 0-0: Called Strike
0-1: Fielders Choice at 2nd, 6-4 (Groundball, 6)
Batting: RHB António Díaz 0-0: Ball
1-0: Fly out, F9 (Flyball, 9M)
Bottom of the 4th over - 0 run(s), 0 hit(s), 0 error(s), 1 left on base; Belvedere Park 1 - Durham 2
TOP OF THE 5TH
Belvedere Park Rawhides batting - Pitching for Durham Rapiers : LHP Jim Unknown
Batting: RHB César López 0-0: Ball
1-0: SINGLE (Line Drive, 4MD)
Batting: SHB Manuel González 0-0: Ball
1-0: Sac Bunt - play at first, batter OUT! 3-4
César López to second
Batting: RHB Victorino Navarro 0-0: Ball
1-0: Swinging Strike
1-1: Ground out 4-3 (Groundball, 4M)
César López to third
Batting: RHB Domingo Calderón 0-0: Ball
1-0: Called Strike
1-1: Fly out, F7 (Flyball, 7M)
Top of the 5th over - 0 run(s), 1 hit(s), 0 error(s), 1 left on base; Belvedere Park 1 - Durham 2
BOTTOM OF THE 5TH
Durham Rapiers batting - Pitching for Belvedere Park Rawhides : LHP Doug Ferguson
Batting: LHB Mayer Röhricht 0-0: Ground out U3 (Groundball, 3)
Batting: RHB Kevin Sanderson 0-0: Ball
1-0: Swinging Strike
1-1: Foul Ball, location: 2F
1-2: Foul Ball, location: 2F
1-2: Ball
2-2: Ball
3-2: Base on Balls
Batting: SHB Brent Adams 0-0: Ball
1-0: Ball
2-0: Called Strike
2-1: Swinging Strike
2-2: Fly out, F6 (Popup, 6MS)
Batting: RHB Augusto Flores 0-0: Ball
1-0: Called Strike
1-1: Ball
2-1: Fly out, F6 (Popup, 6)
Bottom of the 5th over - 0 run(s), 0 hit(s), 0 error(s), 1 left on base; Belvedere Park 1 - Durham 2
TOP OF THE 6TH
Belvedere Park Rawhides batting - Pitching for Durham Rapiers : LHP Jim Unknown
Batting: RHB Justin Miles 0-0: Ball
1-0: Called Strike
1-1: Ball
2-1: Foul Ball, location: 2F
2-2: Strikes out swinging
Batting: RHB Jim Burch 0-0: Ground out 4-3 (Groundball, 4)
Batting: RHB Danny Penn 0-0: Foul Ball, location: 2F
0-1: Foul Ball, location: 2F
0-2: Ball
1-2: SOLO HOME RUN (Line Drive, 7LD), Distance : 349 ft
Batting: LHB Willie Brown 0-0: Swinging Strike
0-1: Ball
1-1: Foul Ball, location: 2F
1-2: Ball
2-2: Strikes out swinging
Top of the 6th over - 1 run(s), 1 hit(s), 0 error(s), 0 left on base; Belvedere Park 2 - Durham 2
BOTTOM OF THE 6TH
Durham Rapiers batting - Pitching for Belvedere Park Rawhides : LHP Doug Ferguson
Batting: RHB Caleb Lee 0-0: Ball
1-0: SINGLE (Groundball, 56D)
Batting: RHB Vincent Klein 0-0: Called Strike
0-1: Hit by Pitch
Caleb Lee to second
Batting: LHB Davis Anderson 0-0: Bunt missed!
0-1: Sac Bunt - play at first, batter OUT! 2-4
Caleb Lee to third
Vincent Klein to second
Batting: RHB Jorge López 0-0: Intentional Walk
Batting: RHB António Díaz 0-0: Called Strike
0-1: SINGLE (Groundball, 6MD)
Caleb Lee scores
Vincent Klein to third
Jorge López to second
Batting: LHB Mayer Röhricht 0-0: Grounds into double play, 1-2-3 (Groundball, 15)
Bottom of the 6th over - 1 run(s), 2 hit(s), 0 error(s), 2 left on base; Belvedere Park 2 - Durham 3
TOP OF THE 7TH
Belvedere Park Rawhides batting - Pitching for Durham Rapiers : LHP Jim Unknown
Batting: SHB Javier Valle 0-0: Ball
1-0: Fly out, F8 (Flyball, 8RM)
Batting: RHB César López 0-0: Foul Ball, location: 2F
0-1: Fly out, F8 (Flyball, 8RM)
Batting: SHB Manuel González 0-0: Called Strike
0-1: Ball
1-1: Ball
2-1: Ball
3-1: TRIPLE (Line Drive, 8RM)
Batting: RHB Victorino Navarro 0-0: Ball
1-0: Ball
2-0: Called Strike
2-1: Ball
3-1: Foul Ball, location: 2F
3-2: Foul Ball, location: 2F
3-2: Foul Ball, location: 2F
3-2: Base on Balls
Pitching: RHP Roberto Rodríguez
Pinch Hitting: SHB Greg Henderson 0-0: Fly out, F8 (Flyball, 8RM)
Top of the 7th over - 0 run(s), 1 hit(s), 0 error(s), 2 left on base; Belvedere Park 2 - Durham 3
BOTTOM OF THE 7TH
Durham Rapiers batting - Pitching for Belvedere Park Rawhides : LHP Doug Ferguson
Now in RF: Greg Henderson
Batting: RHB Kevin Sanderson 0-0: Ball
1-0: Ball
2-0: Called Strike
2-1: Fly out, F4 (Popup, 9S)
Pitching: RHP Javier Hernández
Batting: SHB Brent Adams 0-0: Called Strike
0-1: Ball
1-1: Swinging Strike
1-2: Foul Ball, location: 2F
1-2: Ball
2-2: Fly out, F5 (Popup, 5F)
Batting: RHB Augusto Flores 0-0: SINGLE (Groundball, 6MD)
Batting: RHB Caleb Lee 0-0: Fly out, F4 (Popup, 4D)
Bottom of the 7th over - 0 run(s), 1 hit(s), 0 error(s), 1 left on base; Belvedere Park 2 - Durham 3
TOP OF THE 8TH
Belvedere Park Rawhides batting - Pitching for Durham Rapiers : RHP Roberto Rodríguez
Pitching: RHP Pedro Figueroa
Batting: RHB Justin Miles 0-0: Called Strike
0-1: Fly out, F6 (Popup, 6S)
Batting: RHB Jim Burch 0-0: Ball
1-0: Called Strike
1-1: SINGLE (Groundball, 34)
Batting: RHB Danny Penn 0-0: Ball
1-0: Ball
2-0: Called Strike
2-1: Fly out, F4 (Popup, 4MD)
Batting: LHB Willie Brown 0-0: Ball
1-0: Ground out 4-3 (Groundball, 4)
Top of the 8th over - 0 run(s), 1 hit(s), 0 error(s), 1 left on base; Belvedere Park 2 - Durham 3
BOTTOM OF THE 8TH
Durham Rapiers batting - Pitching for Belvedere Park Rawhides : RHP Javier Hernández
Batting: RHB Vincent Klein 0-0: Called Strike
0-1: Ball
1-1: Called Strike
1-2: Ground out 5-3 (Groundball, 5S)
Batting: LHB Davis Anderson 0-0: Called Strike
0-1: Swinging Strike
0-2: Strikes out swinging
Batting: RHB Jorge López 0-0: Ball
1-0: Ball
2-0: Fly out, F2 (Popup, 2RF)
Bottom of the 8th over - 0 run(s), 0 hit(s), 0 error(s), 0 left on base; Belvedere Park 2 - Durham 3
TOP OF THE 9TH
Belvedere Park Rawhides batting - Pitching for Durham Rapiers : RHP Pedro Figueroa
Pitching: RHP Jim Unknown
Now at C: Luis Dávila
Pinch Hitting: RHB Pedro Jiménez 0-0: Called Strike
0-1: Called Strike
0-2: Strikes out looking
Pinch Hitting: RHB Tom Strickland 0-0: Called Strike
0-1: Swinging Strike
0-2: Strikes out swinging
Batting: SHB Manuel González 0-0: Ball
1-0: Called Strike
1-1: Ball
2-1: SINGLE (Groundball, 34S)
Batting: RHB Victorino Navarro 0-0: Ball
1-0: Ball
2-0: Called Strike
2-1: Called Strike
2-2: Ball
3-2: SINGLE (Groundball, 25) (infield hit)
Manuel González to second
Batting: SHB Greg Henderson 0-0: Called Strike
0-1: Ball
1-1: Ball
2-1: Ball
3-1: Called Strike
3-2: Strikes out swinging
Top of the 9th over - 0 run(s), 2 hit(s), 0 error(s), 2 left on base; Belvedere Park 2 - Durham 3
This league is powered by Out of the Park Baseball, the baseball management simulation game for PC, Mac and Linux
Friday, July 8th, 2016 - OOTP Baseball 16.9 Build 39